 Dungeon Crawl Stone Soup version 0.29.0-13-gc9e81de378 (webtiles) character file.

Game seed: 3364245596906035355

49 SnakkuSnakku7 the Shooter (level 4, 0/33 HPs)
             Began as a Djinni Hunter on Sept 10, 2022.
             Slain by a goblin
             ... wielding a +0 dagger
             ... led by Robin
              (3 damage)
             ... on level 2 of the Dungeon.
             The game lasted 00:01:14 (777 turns).

SnakkuSnakku7 the Shooter (Djinni Hunter)            Turns: 777, Time: 00:01:15

Health: 0/33       AC:  3    Str: 10    XL:     4   Next: 1%
Gold:   50         EV: 12    Int: 11    God:
                   SH:  0    Dex: 18

rFire   + + .      SeeInvis .   a - +0 shortbow
rCold   x . .      Faith    .   (shield currently unavailable)
rNeg    . . .      Spirit   .   c - +0 leather armour
rPois   ∞          Reflect  .   (no helmet)
rElec   .          Harm     .   (no cloak)
rCorr   .          Rampage  .   (no gloves)
Will    .....                   (boots unavailable)
Stlth   ++........              (no amulet)
HPRegen 0.11/turn               (no ring)
MPRegen 0.00/turn               (no ring)

@: flying
A: sickness immunity, fire resistance 2, cold vulnerability 1, float, innate
caster, HP casting, extra vitality 1
a: no special abilities


You were on level 2 of the Dungeon.
You visited 1 branch of the dungeon, and saw 2 of its levels.

You collected 50 gold pieces.

Inventory:

Hand Weapons
 a - a +0 shortbow (weapon)
Armour
 c - a +0 leather armour (worn)
Scrolls
 b - a scroll of immolation
 f - a scroll of identify {unknown}
Potions
 d - a potion of mutation {unknown}
 e - a potion of heal wounds {unknown}
 g - 2 potions of resistance {unknown}
 h - a potion of attraction {unknown}
 i - 2 potions of magic {unknown}
 j - a potion of curing {unknown}


   Skills:
 - Level 2.0 Fighting
 + Level 4.4 Ranged Weapons
 - Level 2.1 Dodging
 - Level 0.7 Stealth


You had 2 spell levels left.
You knew the following spells:

 Your Spells              Type           Power      Damage    Failure   Level
a - Magic Dart            Conj           0%         1d3       43%         1
Your spell library was empty.

Dungeon Overview and Level Annotations

Branches:
Dungeon (2/15)

Altars:


Innate Abilities, Weirdness & Mutations

You are immune to sickness and miasma.
You are immune to poison.
Your flesh is very heat resistant. (rF++)
You are vulnerable to cold. (rC-)
You float through the air rather than walking.
You learn spells naturally, not from books.
Your magical power is your life essence.
You have superior vitality. (+4 MHP)


Message History

The hobgoblin hits you.
* * * LOW HITPOINT WARNING * * *
Fire: a) +0 shortbow
Press: ? - help, Q - select action, (/) - cycle Shift-Dir - straight line, f/p - goblin
Aim: a goblin, wielding a +0 dagger (strong, 58% to hit)
You shoot an arrow. The arrow hits the hobgoblin.
You kill the hobgoblin!
You hear a shout!
You have reached level 4!
You feel clever.
Unknown command.
Fire: a) +0 shortbow
Press: ? - help, Q - select action, (/) - cycle Shift-Dir - straight line, f/p - goblin
Aim: a goblin, wielding a +0 dagger (strong, 58% to hit)
You shoot an arrow. The arrow hits the goblin.
The goblin is moderately wounded.
The goblin hits you with a +0 dagger.
* * * LOW HITPOINT WARNING * * *
The goblin barely misses you.
Fire: a) +0 shortbow
Press: ? - help, Q - select action, (/) - cycle Shift-Dir - straight line, f/p - goblin
Aim: a goblin, wielding a +0 dagger (moderately wounded, strong, 58% to hit)
You shoot an arrow. The arrow barely misses the goblin. x2
The goblin no longer looks unusually strong.
The goblin barely misses you.
A goblin comes into view. It is wielding a +0 dagger.
Fire: a) +0 shortbow
Press: ? - help, Q - select action, (/) - cycle Shift-Dir - straight line, f/p - goblin
Aim: a goblin, wielding a +0 dagger (moderately wounded, strong, 58% to hit)
You shoot an arrow. The arrow closely misses the goblin. x2
The goblin hits you but does no damage.
Unknown command.
Fire: a) +0 shortbow
Press: ? - help, Q - select action, (/) - cycle Shift-Dir - straight line, f/p - goblin
Aim: a goblin, wielding a +0 dagger (moderately wounded, strong, 58% to hit)
You shoot an arrow.
The arrow hits the goblin but does no damage.
The goblin is moderately wounded.
The goblin hits you with a +0 dagger.
You die...

#...........#
#...#)##.#.####
#.............
##...#.###..######
...................
....#.#.###...#....
#####.#.# #...# # #
#.#.###...#
#...@ggg..#
###.###...# #.#
#.)†#
........).).)..
............###
#######........
#..###### #..# #..#


You could see 3 goblins.

Vanquished Creatures
  Robin (D:2)
  An orc (D:2)
  A bat (D:2)
  2 endoplasms (D:1)
  A giant cockroach (D:2)
  5 goblins
  4 hobgoblins
  7 jackals (D:1)
  3 ball pythons
  2 frilled lizards (D:1)
  A kobold (D:1)
  4 rats (D:1)
32 creatures vanquished.

Notes
Turn   | Place    | Note
-------+----------+-------------------------------------------
     0 | D:1      | SnakkuSnakku7 the Djinni Hunter began the quest for the
                  | Orb.
     0 | D:1      | Reached XP level 1. HP: 18/18 MP: 0/0
   116 | D:1      | Reached XP level 2. HP: 23/23 MP: 0/0
   300 | D:1      | You are sucked into a shaft and drop 1 floor!
   312 | D:1      | Found a faded altar of an unknown god.
   381 | D:1      | Reached XP level 3. HP: 24/28 MP: 0/0
   381 | D:1      | Learned a level 1 spell: Magic Dart
   387 | D:1      | Reached skill level 4 in Ranged Weapons
   757 | D:2      | Noticed Robin
   766 | D:2      | Killed Robin
   774 | D:2      | Reached XP level 4. HP: 7/33 MP: 0/0
   777 | D:2      | Slain by a goblin

Illustrated notes

Levels and vault maps discovered:
D:1:      amcnicky_arrival_underground_garden, layout_loops_ring,
          dreamdust_ecumenical_altar_statues
D:2:      layout_basic, uniq_terence, uniq_robin

Skill      XL: |  1  2  3 |
---------------+----------+-----
Ranged Weapons | 4 |  4.4
Fighting       | |  2.0
Dodging        | |  2.1
Stealth        | |  0.7

Action                   |  1- 3 |  4- 6 || total
-------------------------+-------+-------++-------
 Fire: Shortbow          |    74 |     4 ||    78
Armor: Leather armour    |    13 |     1 ||    14
Dodge: Dodged            |    27 |     2 ||    29
